 Dungeon Crawl Stone Soup version 0.31-a0-188-g5e087ee2ca (webtiles) character file.

Game seed: 10750420780099615311

236 qw the Skirmisher (level 5, 0/29 HPs)
             Began as a Deep Elf Hunter on June 23, 2023.
             Succumbed to a scorpion's poison
             ... on level 3 of the Dungeon.
             The game lasted 00:00:52 (2386 turns).

qw the Skirmisher (Deep Elf Hunter)                 Turns: 2386, Time: 00:00:52

Health: 0/29       AC:  7    Str: 10    XL:     5   Next: 77%
Magic:  7/7        EV: 11    Int: 18    God:
Gold:   139        SH:  0    Dex: 18    Spells: 4/4 levels left

rFire   . . .        Y - +2 shortbow
rCold   . . .        (shield currently unavailable)
rNeg    . . .        f - +0 ring mail
rPois   .            (no helmet)
rElec   .            d - +0 cloak
rCorr   .            c - +1 pair of gloves
SInv    .            i - +2 pair of boots of Lausuc {*Corrode Int+4}
Will    .....        (no amulet)
Stlth   +            (no ring)
HPRegen 0.24/turn    (no ring)
MPRegen 0.10/turn

%: corrode self (3%)
@: lethally poisoned (0 -> -9), corroded
A: no striking features
a: no special abilities


You were on level 3 of the Dungeon.
You visited 1 branch of the dungeon, and saw 4 of its levels.

You collected 139 gold pieces.


   Skills:
 + Level 1.5 Fighting
 - Level 9.0 Ranged Weapons
 - Level 1.1 Armour
 - Level 2.4 Dodging
 - Level 1.2 Stealth


You had 4 spell levels left.
You didn't know any spells.
Your spell library was empty.

Inventory:

Hand Weapons
 Y - a +2 shortbow (weapon)
Armour
 a - the +3 pair of boots "Jujyulu" {Harm rN+ SInv}
   (You acquired it on level 2 of the Dungeon)

   rN:        It protects you from negative energy.
   SInv:      It lets you see invisible.
   Harm:      It increases damage dealt and taken.
 c - a +1 pair of gloves (worn)
 d - a +0 cloak (worn)
 f - a +0 ring mail (worn)
 i - the +2 pair of boots of Lausuc (worn) {*Corrode Int+4}
   (You found it on level 2 of the Dungeon)

   Int:       It affects your intelligence (+4).
   *Corrode:  It may corrode you when you take damage.
Jewellery
 m - a ring of ice
Potions
 e - a potion of attraction {unknown}
 h - a potion of mutation {unknown}

Dungeon Overview and Level Annotations

Branches:
Dungeon (4/15)
 Temple: D:4-7

Altars:


Message History

The scorpion stings you but does no damage.
The scorpion closely misses you. The goblin hits you but does no damage.
The orc hits you but does no damage.
You shoot an arrow. The arrow closely misses the scorpion.
You feel sick. The scorpion stings you. The goblin hits you but does no damage.
The orc barely misses you.
You shoot an arrow. The arrow barely misses the scorpion.
You feel sick.
The scorpion stings you but does no damage.
The goblin hits you with a +0 dagger. The orc hits you with a +0 war axe.
Your corrosive artefact corrodes you!
2381 ||| DRINKING potion of heal wounds.
You feel much better.
You feel sick. The scorpion stings you. The orc barely misses you.
The goblin hits you with a +0 dagger.
The scorpion stings you but does no damage.
You shoot an arrow. The arrow hits the scorpion.
The scorpion is moderately wounded.
You feel sick.
You are no longer poisoned.
The orc hits you with a +0 war axe! The goblin hits you but does no damage.
The scorpion stings you but does no damage.
You shoot an arrow. The arrow hits the scorpion.
The scorpion is moderately wounded.
The scorpion closely misses you. The goblin barely misses you.
The orc hits you with a +0 war axe!
You shoot an arrow. The arrow barely misses the scorpion.
The scorpion stings you.
You are lethally poisoned!
The scorpion poisons you! The goblin hits you but does no damage.
The orc completely misses you.
You shoot an arrow. The arrow hits the scorpion.
The scorpion is heavily wounded.
You feel very sick.
The scorpion stings you but does no damage.
The orc hits you with a +0 war axe. The goblin barely misses you.
The scorpion stings you.
You shoot an arrow. The arrow hits the scorpion.
The scorpion is heavily wounded.
You die...

#.#.........# #.#
##.#.........# #.#
#.)#.........####.#####
#.##.........#........#
).)).........#........#
.##....#.###..........#
.##.####.# ##.........#
.##.# ##.# #..g......#
.##.###..# ##..@o....#
###.#...## #..s.....#
.......## #........#
.......# #........#
.......#######........#
...................####
.......P.P.#.......#
.......PP..........#
######.....#.......#


You could see a scorpion, an orc and a goblin.

Vanquished Creatures
  2 orc priests
  A sleepcap (D:3)
  Jessica (D:3)
  A hound zombie (D:3)
  3 gnolls (D:3)
  2 adders
  An adder skeleton (D:3)
  A worm (D:2)
  2 dart slugs (D:1)
  5 orcs
  3 bats
  3 endoplasms
  4 goblins
  5 hobgoblins
  A quokka (D:1)
  6 ball pythons
  A ball python zombie (D:3)
  A frilled lizard (D:1)
  2 giant cockroach zombies (D:3)
  5 kobolds
  8 rats
58 creatures vanquished.

Notes
Turn   | Place    | Note
-------+----------+-------------------------------------------
     0 | D:1      | qw the Deep Elf Hunter began the quest for the Orb.
     0 | D:1      | Reached XP level 1. HP: 12/12 MP: 3/3
     0 | D:1      | 0 ||| qw: Version: 0.3-a-9-g12657ce
     0 | D:1      | 0 ||| qw: Game counter: 4195
     0 | D:1      | 0 ||| qw: Always use a shield: true
     0 | D:1      | 0 ||| qw: God list: Okawaru
     0 | D:1      | 0 ||| qw: Allow faded altars: false
     0 | D:1      | 0 ||| qw: Do Orc after D:15 true
     0 | D:1      | 0 ||| qw: Do second Lair branch before Depths: true
     0 | D:1      | 0 ||| qw: Lair rune preference: random
     0 | D:1      | 0 ||| qw: Plans: Normal
     0 | D:1      | 0 ||| PLANNING D:1-11
   181 | D:1      | Found a faded altar of an unknown god.
   403 | D:1      | Reached XP level 2. HP: 16/16 MP: 4/4
   411 | D:1      | Reached skill level 6 in Ranged Weapons
   487 | D:1      | 487 ||| FLEEEEING.
   488 | D:1      | 488 ||| FLEEEEING.
   489 | D:1      | 489 ||| FLEEEEING.
   490 | D:1      | 490 ||| FLEEEEING.
   915 | D:1      | 915 ||| UPGRADING to +0 scale mail.
   925 | D:1      | 925 ||| DROPPING +0 leather armour.
   926 | D:1      | 926 ||| DROPPING ring of wizardry.
   927 | D:1      | 927 ||| READING scroll labelled IKKOUG QEURORCH.
  1028 | D:1      | 1028 ||| DROPPING scroll of butterflies.
  1049 | D:2      | 1049 ||| STAIRDANCE
  1053 | D:1      | HP: 4/16 [poisoned by an adder]
  1054 | D:1      | Reached XP level 3. HP: 5/20 MP: 5/5
  1058 | D:1      | HP: 1/20 [poisoned by an adder]
  1323 | D:2      | Identified the +2 pair of boots of Lausuc {*Corrode Int+4}
  1411 | D:2      | Identified the +0 robe of the Wilderness {*Corrode Int+4}
  1691 | D:2      | 1691 ||| UPGRADING to +0 pair of gloves.
  1696 | D:2      | 1696 ||| UPGRADING to +0 cloak.
  1701 | D:2      | 1701 ||| UPGRADING to +0 ring mail.
  1711 | D:2      | 1711 ||| DROPPING +0 scale mail.
  1712 | D:2      | 1712 ||| UPGRADING to +2 pair of boots of Lausuc {*Corrode
                  | Int+4}.
  1717 | D:2      | 1717 ||| DROPPING +0 robe of the Wilderness {*Corrode
                  | Int+4}.
  1718 | D:2      | 1718 ||| READING 2 scrolls labelled VON QEQAECZIGO.
  1719 | D:2      | 1719 ||| READING scroll of enchant weapon.
  1719 | D:2      | 1719 ||| ENCHANTING +1 shortbow.
  1720 | D:2      | 1720 ||| READING 2 scrolls labelled GOM OTEOSUVESCH.
  1721 | D:2      | 1721 ||| READING scroll of enchant armour.
  1721 | D:2      | 1721 ||| ENCHANTING +0 pair of gloves.
  1722 | D:2      | 1722 ||| READING scroll labelled VAWNIXZEJYO.
  1723 | D:2      | 1723 ||| DRINKING 2 dark potions.
  1748 | D:3      | Reached skill level 7 in Ranged Weapons
  1813 | D:3      | Reached XP level 4. HP: 25/25 MP: 6/6
  1825 | D:3      | Reached skill level 8 in Ranged Weapons
  1825 | D:3      | HP: 2/25 [gnoll/+0 flail (6)]
  1826 | D:3      | 1826 ||| DRINKING potion of heal wounds.
  1835 | D:3      | HP: 4/25 [gnoll/+0 flail (4)]
  1838 | D:3      | Reached skill level 1 in Armour
  1838 | D:3      | Reached XP level 5. HP: 5/29 MP: 7/7
  2029 | D:3      | Noticed Jessica
  2032 | D:3      | 2032 ||| FLEEEEING.
  2033 | D:3      | 2033 ||| FLEEEEING.
  2034 | D:3      | 2034 ||| FLEEEEING.
  2035 | D:3      | 2035 ||| FLEEEEING.
  2036 | D:3      | 2036 ||| FLEEEEING.
  2037 | D:3      | 2037 ||| FLEEEEING.
  2038 | D:3      | 2038 ||| FLEEEEING.
  2039 | D:3      | 2039 ||| FLEEEEING.
  2040 | D:3      | 2040 ||| FLEEEEING.
  2041 | D:3      | 2041 ||| FLEEEEING.
  2042 | D:3      | 2042 ||| FLEEEEING.
  2043 | D:3      | 2043 ||| FLEEEEING.
  2044 | D:3      | 2044 ||| FLEEEEING.
  2045 | D:3      | 2045 ||| STAIRDANCE
  2069 | D:2      | 2069 ||| READING scroll labelled DOMULA UCAPUST.
  2070 | D:2      | 2070 ||| READING scroll labelled ZUETUTT JUREOT.
  2070 | D:2      | Identified a scroll of acquirement
  2070 | D:2      | 2070 ||| ACQUIRING +3 pair of boots "Jujyulu" {Harm rN+
                  | SInv}
  2070 | D:2      | Acquired the +3 pair of boots "Jujyulu" {Harm rN+ SInv}
  2080 | D:3      | Killed Jessica
  2323 | D:3      | 2323 ||| READING 2 scrolls labelled MIFIEDD DYRGHU.
  2324 | D:3      | 2324 ||| DROPPING scroll of revelation.
  2370 | D:4      | Noticed a phantom
  2375 | D:4      | Reached skill level 9 in Ranged Weapons
  2375 | D:4      | 2375 ||| STAIRDANCE
  2380 | D:3      | HP: 5/29 [orc/+0 war axe (3)]
  2381 | D:3      | 2381 ||| DRINKING potion of heal wounds.
  2385 | D:3      | HP: 5/29 [poisoned by a scorpion]
  2385 | D:3      | HP: 2/29 [scorpion (2)]
  2386 | D:3      | Succumbed to a scorpion's poison

Levels and vault maps discovered:
D:1:      ldierk_walled_garden, layout_loops_corners, basic_ecumenical_altar
D:2:      wad_pebble_path, layout_basic, uniq_crazy_yiuf_cottage
D:3:      layout_rooms, serial_undead, serial_undead_b, serial_undead_b,
          serial_undead_b, serial_undead_a, uniq_jessica
D:4:      layout_rooms, nicolae_elyvilon_temple_path

Skill      XL: |  1  2  3  4  5 |
---------------+----------------+-----
Ranged Weapons | 6 7 8 9 |  9.0
Armour         | 1 |  1.1
Fighting       | |  1.5
Dodging        | |  2.4
Stealth        | |  1.2

Action                     |  1- 3 |  4- 6 || total
---------------------------+-------+-------++-------
   Fire: Shortbow          |    98 |    78 ||   176
    Use: Scroll            |     6 |     3 ||     9
         Potion            |     1 |     2 ||     3
 Armour: Scale mail        |     7 |       ||     7
         Leather armour    |     4 |       ||     4
         Ring mail         |     5 |    40 ||    45
  Dodge: Dodged            |    12 |    48 ||    60

Table legend:
 A = Non-vault XP
 B = Vault XP
 C = Vault XP percentage of total XP
 D = Non-vault monster count
 E = Vault monster count
 F = Vault count percentage of total count
                 A         B        C        D         E       F
            +---------+---------+-------+---------+---------+-------
      Total |     273 |      65 |  19.2 |      52 |       6 |  10.3
            +---------+---------+-------+---------+---------+-------
        D:1 |      44 |       0 |   0.0 |      19 |       0 |   0.0
        D:2 |      17 |       0 |   0.0 |       9 |       0 |   0.0
        D:3 |     164 |      65 |  28.4 |      21 |       6 |  22.2
        D:4 |      48 |       0 |   0.0 |       3 |       0 |   0.0
            +---------+---------+-------+---------+---------+-------
